Map: 카이로스 정션 - 래더

Players

INnoVation - Winner!

  • Race: Terran Terran
  • League: Grandmaster
  • Spawn Location: 5:00

lllllllllll (sOs)

  • Race: Protoss Protoss
  • League: Master
  • Spawn Location: 11:00

Event: IEM Season 13 - Katowice Server Qualifiers America

VOD

Have the link to the VOD?

Description

Time

  • Played on: Jan. 6, 2019, 5:47 p.m.
  • Length: 7:41

All games in this series

Show
View Real Time Build Order
Export as new Build Order

INnoVation Terran - Winner!

Build Orders: 1/1/1, Cyclone Opening 

Get SALT Encoding   

  12  0:00  SCV  
  13  0:12  SCV  
  14  0:17  Supply Depot  
  14  0:25  SCV  
  15  0:38  Barracks, SCV  
  16  0:45  Refinery  
  16  0:50  SCV  
  16  0:54  Refinery  
  17  1:03  SCV  
  18  1:15  SCV  
  19  1:25  Marine  
  19  1:27  Orbital Command  
  19  1:32  Factory  
  20  1:43  Supply Depot  
  20  1:49  Barracks Tech Lab  
  20  1:52  SCV  
  21  2:04  SCV  
  22  2:16  SCV, Starport  
  22  2:21  Cyclone  
  26  2:27  Supply Depot  
  26  2:28  SCV  
  27  2:31  Barracks Reactor  
  27  2:41  SCV  
  28  2:53  SCV  
  32  3:15  Command Center  
  32  3:18  Factory Tech Lab  
  32  3:20  SCV  
  32  3:26  Marine x2  
  32  3:37  Cyclone  
  32  3:40  Supply Depot  
  34  3:44  Marine x2  
  34  3:47  SCV  
  36  3:51  Barracks  
  36  3:56  Mag-Field Accelerator  
  36  3:59  SCV  
  37  4:03  Marine x2  
  37  4:09  Cyclone  
  42  4:12  SCV, Medivac  
  43  4:22  Marine x2  
  44  4:25  SCV  
  43  4:37  Orbital Command  
  43  4:38  SCV  
  44  4:40  Marine x2  
  44  4:41  Siege Tank  
  49  4:46  Barracks Tech Lab  
  49  4:50  SCV  
  50  4:58  Marine x2, Barracks  
  52  5:02  SCV  
  52  5:03  Combat Shield  
  52  5:04  Marine  
  54  5:10  Supply Depot  
  55  5:14  SCV  
  55  5:16  Siege Tank  
  55  5:18  Marine x2  
  60  5:22  Marauder  
  60  5:24  Liberator  
  62  5:29  Supply Depot  
  62  5:31  SCV x2  
  62  5:32  Supply Depot  
  64  5:36  Marine x2  
  69  5:46  Marine  
  70  5:50  Marine, Siege Tank  
  70  5:55  Supply Depot  
  74  5:59  Marine x2  
  74  6:04  Marine  
  76  6:08  Marine  
  75  6:16  Marine x2  
  77  6:21  Marine  
  75  6:25  Siege Tank  
  75  6:26  Marine  
  78  6:34  Marine x2  
  78  6:39  Marine  
  74  6:43  Marine  
  74  6:56  Marine x2  
  75  7:04  Siege Tank  
  72  7:10  Marine x2  
  72  7:15  Marine  
Show
View Real Time Build Order
Export as new Build Order

lllllllllll Protoss 

Build Orders: 1 Gate Expand, Oracle Opening, Phoenix Opening 

Get SALT Encoding   

  12  0:00  Probe  
  13  0:12  Probe  
  14  0:18  Pylon  
  14  0:24  Probe  
  15  0:36  Probe  
  15  0:38  Assimilator  
  15  0:42  Gateway  
  16  0:44  Probe  
  17  0:52  Probe  
  18  1:03  Probe  
  19  1:15  Probe  
  20  1:21  Nexus  
  20  1:32  Cybernetics Core  
  20  1:34  Probe  
  20  1:39  Assimilator  
  21  1:46  Probe  
  22  1:50  Pylon  
  22  1:58  Probe  
  23  2:10  Probe  
  23  2:11  Stargate  
  23  2:15  Stalker  
  26  2:23  Probe  
  26  2:24  Warp Gate  
  27  2:35  Probe x2  
  29  2:38  Shield Battery  
  29  2:44  Stalker  
  29  2:46  Phoenix  
  29  2:50  Probe  
  33  2:58  Probe  
  35  3:06  Probe  
  35  3:10  Probe  
  35  3:12  Phoenix  
  39  3:21  Probe  
  39  3:22  Probe  
  39  3:25  Pylon  
  41  3:30  Oracle, Pylon  
  41  3:33  Probe  
  42  3:34  Probe  
  46  3:45  Probe  
  46  3:46  Probe  
  48  3:56  Gateway  
  48  3:59  Gateway  
  47  4:03  Probe x2  
  49  4:11  Phoenix  
  49  4:15  Probe x2  
  51  4:29  Phoenix  
  51  4:33  Probe  
  51  4:34  Probe  
  55  4:40  Zealot  
  55  4:42  Pylon  
  57  4:48  Nexus  
  57  4:52  Phoenix  
  57  4:55  Stalker  
  57  4:56  Zealot  
  61  5:03  Pylon  
  61  5:06  Assimilator  
  61  5:07  Assimilator  
  63  5:21  Probe x2, Phoenix, Pylon  
  63  5:28  Forge, Twilight Council  
  67  5:33  Probe x2  
  67  5:34  Pylon  
  69  5:40  Sentry  
  69  5:41  Zealot, Stalker  
  75  5:49  Phoenix  
  77  5:50  Probe  
  77  5:52  Probe  
  79  6:07  Zealot x3  
  84  6:16  Phoenix  
  84  6:23  Probe x2  
  84  6:25  Pylon  
  84  6:27  Stalker x2  
  84  6:28  Zealot  
  76  6:50  Gateway  
  76  6:52  Gateway, Stalker x3  
  76  6:53  Gateway  
  82  6:55  Phoenix  
  81  7:10  Shield Battery  
  77  7:17  Zealot x3  

Tags
 
Add a new tag
Caveats
  • Supply blocks, unpowered buildings, or Contaminate may cause inaccurate times.
  • Supply counts are checked every 10 seconds.